AoeStats
← Dickus Giganticus

African Clearing

510727812Analyzed
3v3 RM · 13h ago on Oct 2, 2026· 22m 11s· 6 players
Game mode
Random Map
Map size
Normal (6 player)
Population
200
Speed
Normal
Resources
Standard
Victory
Conquest
Starting age
Dark Age
Ending age
Imperial Age
RankedLock teamsTeams togetherTeam positionsShared explorationLock speedFull tech treeHidden civsTurbo modeCheats
Victory
Defeat
🇯🇵 Varangians · Japan
1242
+16
🇦🇺 Khmer · Australia
1233
+16
🇫🇷 Ethiopians · France
1152
+20
🇦🇺 Romans · Australia
1272
-19
🇹🇷 Armenians · Türkiye
1254
-18
🇭🇰 Chinese · Hong Kong SAR China
1178
-15
Arfah
6:46 Loom
14:58 Feudal Age
21:48 Double-Bit Axe
Milkus Dilkus
5:11 Loom
5:49 Loom
14:41 Feudal Age
15:13 Man-at-Arms
15:39 Arson
16:44 Forging
17:15 Scale Mail Armor
16:57 Long Swordsman
20:58 Double-Bit Axe
Dickus Giganticus
14:33 Feudal Age
19:07 Castle Age
16:58 Double-Bit Axe
20:00 Light Cavalry
21:28 Forging
21:53 Loom
Iced0ux
7:18 Loom
13:56 Feudal Age
15:07 Double-Bit Axe
15:51 Fletching
17:39 Padded Archer Armor
22:55 Castle Age
mayoke331
8:30 Loom
13:55 Feudal Age
15:43 Double-Bit Axe
18:03 Castle Age
18:25 Bloodlines
18:06 Light Cavalry
19:32 Scale Barding Armor
20:28 Wheelbarrow
OB
3:00 Loom
11:50 Feudal Age
12:56 Double-Bit Axe
17:32 Bloodlines
20:38 Forging
20:57 Scale Barding Armor
20:56 Horse Collar
Connection lost

Rejoining the realm…

Still unreachable

The connection could not be restored.

Session expired

The server has moved on; the page needs a fresh start.